 Dungeon Crawl Stone Soup version 0.30-a0-652-gcc886f7154 (webtiles) character file.

Game seed: 10115891788603853545

173 ragingrage the Sneak (level 5, -1/66 HPs)
             Began as an Armataur Monk on Jan 17, 2023.
             Killed from afar by Blork the orc (7 damage)
             ... with a puff of flame
             ... on level 3 of the Dungeon.
             The game lasted 00:02:06 (2738 turns).

ragingrage the Sneak (Armataur Monk)                Turns: 2738, Time: 00:02:07

Health: -1/66      AC: 22    Str: 16    XL:     5   Next: 28%
Magic:  5/5        EV:  1    Int: 11    God:
Gold:   126        SH:  0    Dex: 14    Spells: 4/4 levels left

rFire   . . .      SeeInvis .    (no weapon)
rCold   . . .      Faith    .    (no shield)
rNeg    . . .      Spirit   .    (body armour currently unavailable)
rPois   +          Reflect  .    (helmet currently unavailable)
rElec   .          Harm     .    (cloak currently unavailable)
rCorr   .          Roll     +    (gloves currently unavailable)
Will    .....      NoTele   +    (no barding)
Stlth   +++                      (no amulet)
HPRegen 0.31/turn                (no ring)
MPRegen 0.09/turn                (no ring)

@: mighty, brilliant, tree-form, attractive, invisible
A: stationary, stasis, torment immunity, boosted hp, large, rugged brown scales
3, (deformed body), (armoured tail), roll, long tongue, awkward tongue
a: no special abilities


You were on level 3 of the Dungeon.
You were a tree.
You visited 1 branch of the dungeon, and saw 4 of its levels.

You collected 126 gold pieces.

Inventory:

Hand Weapons
 a - a +0 short sword
 q - a +0 rapier
Missiles
 i - 9 poisoned darts (quivered)
Armour
 b - a +0 robe (melded)
Scrolls
 d - a scroll of acquirement {unknown}
 f - a scroll of amnesia {unknown}
 j - a scroll of enchant weapon {unknown}
 l - a scroll of identify {unknown}
 m - 6 scrolls of teleportation {unknown}
 o - a scroll of silence {unknown}
 r - a scroll of poison {unknown}
 t - a scroll of blinking {unknown}
 u - a scroll of enchant armour {unknown}
Potions
 c - 2 potions of ambrosia


   Skills:
 - Level 2.6 Fighting
 + Level 4.3 Short Blades
 - Level 2.1 Dodging
 + Level 4.9 Stealth


You had 4 spell levels left.
You didn't know any spells.
Your spell library contained the following spells:

 Spells                   Type           Power      Damage    Failure   Level
 Frozen Ramparts          Ice            0%         1d1       71%         3
 Ice Form                 Ice/Tmut       0%         N/A       98%         4
 Summon Ice Beast         Ice/Summ       0%         N/A       98%         4


Dungeon Overview and Level Annotations

Branches:
Dungeon (4/15)
 Temple: D:4-7

Altars:
Ashenzari
Makhleb

Annotations:
D:3 exclusion: upstairs, Blork the orc


Innate Abilities, Weirdness & Mutations

You are a tree.
Your roots penetrate the ground, keeping you stationary.
You cannot be teleported.
You are immune to unholy pain and torment.
Your maximum health is greatly increased.
Your equipment is partially melded.
(You are completely covered in rugged brown scales. (AC +3, +7% HP))
((Armour fits poorly on your strangely shaped body.))
((You have a long armoured tail.))
You roll when moving toward enemies. (Rampage)
Your long tongue fully drains potion bottles. (2x potion effects)
Your tongue gives you trouble enunciating. (1.5x scroll delay)


Message History

Blork the orc hits you but does no damage.
Blork the orc looks encouraged for a moment.
You slurp down every last drop of the dark potion!
It was a potion of magic.
Magic courses through your body.
Blork the orc hits you but does no damage.
You slurp down every last drop of the fuming emerald potion!
It was a potion of brilliance.
You feel clever all of a sudden.
Blork the orc hits you but does no damage.
Blork the orc screams, "I'm much stronger than you!"
Blork the orc hits you with a +0 mace.
* * * LOW HITPOINT WARNING * * *
You slurp down every last drop of the red potion!
It was a potion of attraction.
You feel attractive to monsters. Blork the orc casts a spell at you.
The puff of flame hits you!
* * * LOW HITPOINT WARNING * * *
You slurp down every last drop of the puce potion!
It was a potion of invisibility.
You fade into invisibility!
Blork the orc hits you but does no damage.
Blork the orc gestures at you while chanting.
The puff of flame hits you but does no damage.
You slurp down every last drop of the cyan potion!
It was a potion of might.
You feel very mighty all of a sudden.
Blork the orc hits you but does no damage.
You are now empty-handed.
Blork the orc looks angry.
Blork the orc points at you and mumbles some strange words.
The magic dart hits you but does no damage.
You smack Blork the orc!
Blork the orc is severely wounded.
Blork the orc is attracted toward you.
You completely miss Blork the orc.
Blork the orc is severely wounded.
Blork the orc gestures at you while chanting.
The puff of flame hits you!
You die...

##......<## ##...#
#..## ##.....## ##.##
#.## ##...## #.# #.####
##'## #.# #....# #.#
#.# ####.# #.### #.#
#.# ## ##...# #.# #.#
.###....### #.# #.#
.##.......######♣# #.#
.##...........§o.# #..
.##.......######## ###
.####...### # ........#
# #####.### # #.#
####### #### #.#
#.....######≈≈# #.#
#.######⌠#⌠##≈#########


You could see Blork the orc (fast, unable to see you).

Vanquished Creatures
  Jessica (D:3)
  Natasha (thrice) (D:3)
  2 adders
  A dart slug (D:3)
  A worm (D:2)
  2 endoplasms (D:1)
  4 giant cockroaches (D:1)
  6 goblins
  5 hobgoblins (D:1)
  3 jackals (D:3)
  3 kobolds
  A quokka (D:1)
  2 ball pythons
  8 bats
  4 frilled lizards
  4 rats
50 creatures vanquished.

Vanquished Creatures (others)
  2 fungi (D:1)
  3 plants (D:1)
5 creatures vanquished.

Grand Total: 55 creatures vanquished

Notes
Turn   | Place    | Note
-------+----------+-------------------------------------------
     0 | D:1      | ragingrage the Armataur Monk began the quest for the Orb.
     0 | D:1      | Reached XP level 1. HP: 19/19 MP: 1/1
    43 | D:1      | Found a faded altar of an unknown god.
   208 | D:1      | Reached XP level 2. HP: 12/26 MP: 2/2
   612 | D:1      | Reached XP level 3. HP: 32/32 MP: 3/3
  1065 | D:2      | You fall into a shaft and drop 1 floor!
  1092 | D:3      | Found a broken altar of Ashenzari.
  1113 | D:2      | Noticed an ogre
  1278 | D:3      | Noticed Jessica
  1287 | D:3      | Killed Jessica
  1288 | D:3      | Reached XP level 4. HP: 12/39 MP: 4/4
  1533 | D:3      | Found a burning altar of Makhleb.
  1836 | D:3      | Noticed Natasha
  1847 | D:3      | Killed Natasha
  2267 | D:3      | Noticed Natasha
  2273 | D:3      | Killed Natasha
  2274 | D:3      | Reached XP level 5. HP: 36/44 MP: 5/5
  2538 | D:3      | Found a burning altar of Makhleb.
  2668 | D:3      | Noticed Natasha
  2673 | D:3      | Killed Natasha
  2719 | D:4      | Noticed Blork the orc
  2719 | D:4      | Noticed a black bear
  2738 | D:3      | Killed from afar by Blork the orc

Illustrated notes

Levels and vault maps discovered:
D:1:      eino_arrival_water_cross, layout_loops_cross,
          dreamdust_ecumenical_altar_grove, minmay_heptomino_l4
D:2:      layout_loops_ring, kennysheep_crisscross,
          minmay_randomly_rotated_circles
D:3:      layout_loops_corners, lightli_temple_of_fire, ashenzari_altar_1,
          uniq_jessica, uniq_natasha
D:4:      layout_loops_cross, mainiacjoe_overflow_concentric_impassable,
          vehumet_altar_wand_db, tso_metal_star, mainiacjoe_overflow_alcove_1,
          serial_shops, nicolae_shop_stone, minmay_goblin_kobold_house,
          uniq_blork_the_orc

Skill      XL: |  1  2  3  4 |
---------------+-------------+-----
Short Blades   | 3 4 |  4.3
Stealth        | 3 4 |  4.9
Fighting       | |  2.6
Dodging        | |  2.1

Action                   |  1- 3 |  4- 6 || total
-------------------------+-------+-------++-------
Melee: Short sword       |   143 |       ||   143
       Tailslap          |    13 |     3 ||    16
       Rapier            |     7 |    33 ||    40
       Punch             |     2 |       ||     2
       Unarmed           |       |     2 ||     2
Throw: Dart              |       |     1 ||     1
  Use: Potion            |       |     7 ||     7
 Stab: Sleeping          |     6 |     2 ||     8
Armor: Robe              |    61 |     3 ||    64
       Skin              |       |     7 ||     7
Dodge: Dodged            |    81 |    12 ||    93

Table legend: (Time is in decaauts)
 A = Elapsed time spent in this place.
 B = Non-inter-level travel time spent in this place.
 C = Inter-level travel time spent in this place.
 D = Time resting spent in this place.
 E = Time spent auto-exploring this place.
 F = Levels seen in this place.
 G = Mean time per level.
                   A        B        C        D        E       F      G
               +--------+--------+--------+--------+--------+-----+--------+
         Total |   2726 |   2654 |     72 |    655 |   1596 |   4 |  681.5 |
       Dungeon |   2726 |   2654 |     72 |    655 |   1596 |   4 |  681.5 |
               +--------+--------+--------+--------+--------+-----+--------+

Top non-repeatable levels by time:
     D:3: 1680 daAuts
     D:1: 818 daAuts
     D:2: 225 daAuts
     D:4: 1 daAuts
